Lowell Devils vs Binghampton Senators

Created - 3 mai 2019 at 16:05

Goals
1 2 3 OT1 T
Lowell Devils 1 2 4 0 7
Binghampton Senators 1 2 4 1 8
Shots
1 2 3 OT1 T
Lowell Devils 8 13 13 0 34
Binghampton Senators 10 14 14 2 40

1st period

1. Lowell Devils , Sam Anas 5 (Adam Gaudette 6) at 12:12
2. Binghampton Senators , Anthony Greco 3 (Josh Leivo 6, Jon Gillies) at 14:16 (PP)

Penalties :
Dan Renouf (DEV) for Cross-checking (Minor) at 13:39

2nd period

3. Binghampton Senators , Vinni Lettieri 3 (Josh Leivo 7, Sergey Tolchinsky 3) at 12:13
4. Lowell Devils , Trevor Smith 10 (Andy Welinski 6) at 15:16
5. Lowell Devils , Mason Appleton 5 (Trevor Smith 6, Andreas Borgman 3) at 15:46
6. Binghampton Senators , Josh Leivo 4 (Vinni Lettieri 5) at 17:51

Penalties :
Ryan Graves (SEN) for Hooking (Minor) at 1:28, Sam Anas (DEV) for Interference (Minor) at 17:54

3rd period

7. Lowell Devils , Mason Appleton 6 (Jordan Szwarz 5, Trevor Smith 7) at 0:34 (PP)
8. Binghampton Senators , Sergey Tolchinsky 2 (Anthony Greco 2) at 1:09
9. Lowell Devils , Kevin Connauton 1 (Mason Appleton 15, Trevor Smith 8) at 3:00 (PP)
10. Binghampton Senators , Jake Virtanen 3 (Chandler Stephenson 6) at 6:29
11. Lowell Devils , Mason Appleton 7 (Jordan Szwarz 6, Andreas Borgman 4) at 8:20
12. Binghampton Senators , Jake Virtanen 4 (Jack Roslovic 5, Chandler Stephenson 7) at 8:37
13. Binghampton Senators , Lane Pederson 4 (Sergey Tolchinsky 4, Ryan Graves 4) at 9:34
14. Lowell Devils , Mason Appleton 8 (Unassisted) at 9:41

Penalties :
Ryan Graves (SEN) for Hooking (Minor) at 0:19, Sergey Tolchinsky (SEN) for Holding (Minor) at 2:56, Chris Terry (DEV) for Interference (Minor) at 13:50

Overtime #1

15. Binghampton Senators , Jack Roslovic 8 (Chandler Stephenson 8) at 2:53

Penalties :
No Penalty

Goalie Stats

Cal Petersen (DEV), 32 saves from 40 shots - (0,800), OTL, 6-1-1, 62:53 minutes
Jon Gillies (SEN), 27 saves from 34 shots - (0,794), W, 4-2-1, 62:53 minutes

Players Stats for Lowell Devils

Player Name              G  A  P  +/- PIM S  H  SB GA TA FO     MP     PP MP  PK MP  
------------------------------------------------------------------------------------
Adam Gaudette            0  1  1   0  0   6  0  0  1  0  0/0    17:13   0:56   0:00 
Andreas Borgman          0  2  2  -1  0   0  1  3  0  1  0/0    27:55   1:33   2:08 
Andrew Mangiapane        0  0  0  -1  0   2  0  0  1  0  0/6     9:25   0:00   0:00 
Andy Welinski            0  1  1   0  0   2  1  1  1  0  0/0    21:36   0:45   2:27 
C.J. Smith               0  0  0   0  0   1  0  1  1  1  1/1    18:46   0:56   0:53 
Chris Terry              0  0  0  -1  2   0  4  3  0  0  0/0    10:03   0:00   0:00 
Conor Garland            0  0  0  -1  0   2  2  0  1  1  0/0     9:25   0:00   0:00 
Dan Renouf               0  0  0  -1  2   0  0  0  0  1  0/0    13:21   0:00   0:00 
Daniel O'Regan           0  0  0  -1  0   2  0  1  1  0  0/1    12:12   0:03   1:20 
Gavin Bayreuther         0  0  0  -1  0   0  2  1  1  1  0/0    13:22   0:00   0:00 
Gerald Mayhew            0  0  0  -1  0   0  2  0  0  0  0/0     9:25   0:00   0:00 
Jordan Szwarz            0  2  2   0  0   5  1  1  1  2  0/0    22:54   1:19   2:27 
Kevin Connauton          1  0  1  -1  0   1  1  2  2  0  0/0    27:55   1:33   2:08 
Mason Appleton           4  1  5   0  0   5  1  1  0  1  2/3    21:48   1:19   1:07 
Sam Anas                 1  0  1   0  2   3  1  0  2  1  11/22  18:51   0:56   0:39 
Trevor Murphy            0  0  0   0  0   1  1  2  0  0  0/0    21:36   0:45   2:27 
Trevor Smith             1  3  4  -1  0   3  1  0  0  2  22/36  23:15   1:22   2:25 
Tyler Gaudet             0  0  0  -1  0   1  1  0  0  1  0/1    10:44   0:03   0:19 

Players Stats for Binghampton Senators

Player Name              G  A  P  +/- PIM S  H  SB GA TA FO     MP     PP MP  PK MP  
------------------------------------------------------------------------------------
Anthony Greco            1  1  2   2  0   2  2  1  1  1  0/0    14:42   2:18   0:00 
Chandler Stephenson      0  3  3   1  0   3  0  0  0  0  15/41  22:54   2:10   1:24 
Jack Roslovic            1  1  2   1  0   3  1  2  3  0  1/5    22:57   2:10   1:24 
Jake Bischoff            0  0  0  -1  0   2  0  0  0  0  0/0    12:48   0:00   0:00 
Jake Virtanen            2  0  2   1  0   4  2  2  0  1  0/2    22:16   2:10   0:46 
Jens Looke               0  0  0  -1  0   0  0  0  0  0  0/0     8:26   0:00   0:00 
Jordan Schmaltz          0  0  0   0  0   0  0  3  1  1  0/0    19:20   1:58   0:37 
Josh Leivo               1  2  3   0  0   7  0  0  1  1  0/0    17:39   2:18   0:08 
Justin Kirkland          0  0  0  -1  0   1  1  1  0  0  0/0     8:26   0:00   0:00 
Lane Pederson            1  0  1   2  0   1  2  1  0  0  3/3    13:23   0:00   0:35 
Lucas Wallmark           0  0  0  -1  0   3  2  1  0  0  3/4     9:06   0:07   0:00 
Mark Friedman            0  0  0  -1  0   2  1  1  0  0  0/0    13:22   0:00   1:08 
Roland McKeown           0  0  0   0  0   0  3  2  1  1  0/0    19:29   1:58   1:06 
Ryan Graves              0  1  1   3  4   1  2  1  0  3  0/0    29:53   2:37   0:04 
Sam Carrick              0  0  0   0  0   1  2  0  0  0  11/14  15:37   0:07   0:00 
Sergey Tolchinsky        1  2  3   2  2   4  2  1  1  1  1/1    12:43   0:07   0:00 
Trevor Carrick           0  0  0   3  0   3  2  1  1  2  0/0    30:52   2:37   1:41 
Vinni Lettieri           1  1  2   0  0   3  0  0  3  1  0/0    18:11   2:18   0:19 

3 Stars

1 - Mason Appleton (DEV)
2 - Jake Virtanen (SEN)
3 - Sergey Tolchinsky (SEN)

Power Play

Lowell Devils - 2 on 2 Attempt(s) - 100,00%
Binghampton Senators - 1 on 4 Attempt(s) - 25,00%

Penalty Kill

Lowell Devils - 3 on 4 Attempt(s) - 75,00% - Score 0 goal in Penalty Kill
Binghampton Senators - 0 on 2 Attempt(s) - 0,00% - Score 0 goal in Penalty Kill

Team Stat

Lowell Devils - Hits : 19 - Faceoff Wins : 36 - Blocked Shots : 16 - Penalty Minutes : 6
Binghampton Senators - Hits : 22 - Faceoff Wins : 34 - Blocked Shots : 17 - Penalty Minutes : 6

Official

Referees : Evgeny Romasko and Ghislain Hebert
Linesman : Michel Cormier and Vaughan Rody

Game Notes

Mason Appleton has scored a Hat Trick!
9:41 of 3rd period - Penalty Shot by Mason Appleton for Lowell Devils - Goal!

Finance

Level 1 -- Attendance: 2000 (100,00%) -- Ticket Income 70 000 $
Level 2 -- Attendance: 976 (97,60%) -- Ticket Income 14 640 $
Total Attendance: 2976 (99,20%)
Total Ticket Income: 84 640 $
Other Income: 41 474 $
Total Income: 126 114 $

Lowell Devils

5 vs 5 Forward 
   Center                   Left Wing                Right Wing               Time % Phy DF OF 
 1 Trevor Smith             Mason Appleton           Jordan Szwarz            40     0   1  4  
 2 Sam Anas                 Adam Gaudette            C.J. Smith               35     0   1  4  
 3 Tyler Gaudet             Chris Terry              Daniel O'Regan           15     0   1  4  
 4 Andrew Mangiapane        Gerald Mayhew            Conor Garland            10     1   2  2  

5 vs 5 Defense 
   Defense                  Defense                                           Time % Phy DF OF 
 1 Kevin Connauton          Andreas Borgman                                   40     1   3  1  
 2 Andy Welinski            Trevor Murphy                                     30     1   3  1  
 3 Dan Renouf               Gavin Bayreuther                                  20     1   3  1  
 4 Kevin Connauton          Andreas Borgman                                   10     1   3  1  

PowerPlay Forward 
   Center                   Left Wing                Right Wing               Time % Phy DF OF 
 1 Trevor Smith             Mason Appleton           Jordan Szwarz            60     0   0  5  
 2 Sam Anas                 Adam Gaudette            C.J. Smith               40     0   0  5  

PowerPlay Defense
   Defense                  Defense                                           Time % Phy DF OF 
 1 Kevin Connauton          Andreas Borgman                                   60     0   0  5  
 2 Andy Welinski            Trevor Murphy                                     40     0   0  5  

Penalty Kill 4 Players Forward 
   Center                   Wing                     Time % Phy DF OF 
 1 Trevor Smith             Jordan Szwarz            60     1   3  1  
 2 Mason Appleton           Sam Anas                 40     1   3  1  

Penalty Kill 4 Players Defense
   Defense                  Defense                  Time % Phy DF OF 
 1 Kevin Connauton          Andreas Borgman          60     1   4  0  
 2 Andy Welinski            Trevor Murphy            40     1   4  0  

Penalty Kill - 3 Players Forward 
   Forward                                           Time % Phy DF OF 
 1 Trevor Smith                                      60     1   4  0  
 2 Tyler Gaudet                                      40     1   4  0  

Penalty Kill - 3 Players Defense
   Defense                  Defense                  Time % Phy DF OF 
 1 Kevin Connauton          Andreas Borgman          60     1   4  0  
 2 Andy Welinski            Trevor Murphy            40     1   4  0  

4 vs 4 Forward 
   Center                   Wing                     Time % Phy DF OF 
 1 Trevor Smith             Mason Appleton           60     0   1  4  
 2 Mason Appleton           Sam Anas                 40     0   1  4  

4 vs 4 Defense
   Defense                  Defense                  Time % Phy DF OF 
 1 Kevin Connauton          Andreas Borgman          60     1   2  2  
 2 Andy Welinski            Trevor Murphy            40     1   2  2  

Last Minutes Offensive
   Center                   Left Wing                Right Wing               Defense                  Defense                  
   Trevor Smith             Jordan Szwarz            Mason Appleton           Kevin Connauton          Andreas Borgman          

Last Minutes Defensive
   Center                   Left Wing                Right Wing               Defense                  Defense                  
   Trevor Smith             Jordan Szwarz            Mason Appleton           Kevin Connauton          Andreas Borgman          

Goaltenders
Starting : Cal Petersen             
Backup : Collin Delia             

Extra Forwards
Normal : C.J. Smith, Tyler Gaudet, Daniel O'Regan - PP : C.J. Smith, Tyler Gaudet - PK : Daniel O'Regan
Extra Defensemen
Normal : Dan Renouf, Gavin Bayreuther, Andy Welinski - PP : Dan Renouf - PK : Gavin Bayreuther, Andy Welinski
Penalty Shots
Trevor Smith, Chris Terry, Mason Appleton, Sam Anas, Adam Gaudette

Scratches
Griffin Reinhart (Healthy), Nathan Noel (Healthy), Spencer Watson (Healthy), Stepan Falkovsky (Healthy)

Binghampton Senators

5 vs 5 Forward 
   Center                   Left Wing                Right Wing               Time % Phy DF OF 
 1 Chandler Stephenson      Jake Virtanen            Jack Roslovic            40     1   2  2  
 2 Sam Carrick              Josh Leivo               Vinni Lettieri           30     1   2  2  
 3 Lane Pederson            Sergey Tolchinsky        Anthony Greco            20     1   2  2  
 4 Lucas Wallmark           Justin Kirkland          Jens Looke               10     1   2  2  

5 vs 5 Defense 
   Defense                  Defense                                           Time % Phy DF OF 
 1 Trevor Carrick           Ryan Graves                                       40     1   2  2  
 2 Roland McKeown           Jordan Schmaltz                                   30     1   2  2  
 3 Jake Bischoff            Mark Friedman                                     20     1   2  2  
 4 Trevor Carrick           Ryan Graves                                       10     1   2  2  

PowerPlay Forward 
   Center                   Left Wing                Right Wing               Time % Phy DF OF 
 1 Chandler Stephenson      Jake Virtanen            Jack Roslovic            60     1   2  2  
 2 Vinni Lettieri           Josh Leivo               Anthony Greco            40     1   2  2  

PowerPlay Defense
   Defense                  Defense                                           Time % Phy DF OF 
 1 Trevor Carrick           Ryan Graves                                       60     1   2  2  
 2 Roland McKeown           Jordan Schmaltz                                   40     1   2  2  

Penalty Kill 4 Players Forward 
   Center                   Wing                     Time % Phy DF OF 
 1 Chandler Stephenson      Jack Roslovic            60     1   2  2  
 2 Jake Virtanen            Vinni Lettieri           40     1   2  2  

Penalty Kill 4 Players Defense
   Defense                  Defense                  Time % Phy DF OF 
 1 Trevor Carrick           Ryan Graves              60     1   2  2  
 2 Roland McKeown           Jordan Schmaltz          40     1   2  2  

Penalty Kill - 3 Players Forward 
   Forward                                           Time % Phy DF OF 
 1 Chandler Stephenson                               60     1   2  2  
 2 Jack Roslovic                                     40     1   2  2  

Penalty Kill - 3 Players Defense
   Defense                  Defense                  Time % Phy DF OF 
 1 Trevor Carrick           Ryan Graves              60     1   2  2  
 2 Roland McKeown           Jordan Schmaltz          40     1   2  2  

4 vs 4 Forward 
   Center                   Wing                     Time % Phy DF OF 
 1 Chandler Stephenson      Jack Roslovic            60     1   2  2  
 2 Jake Virtanen            Vinni Lettieri           40     1   2  2  

4 vs 4 Defense
   Defense                  Defense                  Time % Phy DF OF 
 1 Trevor Carrick           Ryan Graves              60     1   2  2  
 2 Roland McKeown           Jordan Schmaltz          40     1   2  2  

Last Minutes Offensive
   Center                   Left Wing                Right Wing               Defense                  Defense                  
   Chandler Stephenson      Jake Virtanen            Jack Roslovic            Trevor Carrick           Ryan Graves              

Last Minutes Defensive
   Center                   Left Wing                Right Wing               Defense                  Defense                  
   Chandler Stephenson      Jake Virtanen            Jack Roslovic            Trevor Carrick           Ryan Graves              

Goaltenders
Starting : Jon Gillies              
Backup : Ivan Kulbakov            

Extra Forwards
Normal : Lucas Wallmark, Sam Carrick, Lane Pederson - PP : Lucas Wallmark, Sam Carrick - PK : Lane Pederson
Extra Defensemen
Normal : Jake Bischoff, Mark Friedman, Roland McKeown - PP : Jake Bischoff - PK : Mark Friedman, Roland McKeown
Penalty Shots
Chandler Stephenson, Jack Roslovic, Jake Virtanen, Vinni Lettieri, Sam Carrick

Scratches
Gabriel Fontaine (Healthy), Jesse Graham (Healthy), Brett Findlay (Healthy), Jansen Harkins (Healthy), Michael Latta (Healthy)
Brandon Gignac (Healthy), Tommy Vannelli (Healthy), Jonne Tammela (Healthy), Julius Nattinen (Healthy), Stephon Williams (Healthy)

% Time on Ice - Lowell Devils

Lines # - Real PCT - Wanted PCT - Time Play
Normal Forward
1 - 36% - 40% - 20:14
2 - 29% - 35% - 16:31
3 - 18% - 15% - 9:50
4 - 17% - 10% - 9:25
Normal Defense
1 - 38% - 40% - 21:01
2 - 33% - 30% - 18:24
3 - 24% - 20% - 13:22
4 - 6% - 10% - 3:13
PP Forward
1 - 59% - 60% - 1:22
2 - 41% - 40% - 0:56
PP Defense
1 - 67% - 60% - 1:33
2 - 33% - 40% - 0:45
PK Forward
1 - 76% - 60% - 3:28
2 - 24% - 40% - 1:07
PK Defense
1 - 47% - 60% - 2:08
2 - 53% - 40% - 2:27
PK3 Forward
1 - 0% - 60%
2 - 0% - 40%
PK3 Defense
1 - 0% - 60%
2 - 0% - 40%
44 Forward
1 - 0% - 60%
2 - 0% - 40%
44 Defense
1 - 0% - 60%
2 - 0% - 40%
Last Minute Offensive  - 0:00
Last Minute Defensive  - 0:00
Total
Forward - 62:53
Defense - 62:53

% Time on Ice - Binghampton Senators

Lines # - Real PCT - Wanted PCT - Time Play
Normal Forward
1 - 36% - 40% - 19:53
2 - 27% - 30% - 15:17
3 - 22% - 20% - 12:24
4 - 15% - 10% - 8:26
Normal Defense
1 - 41% - 40% - 22:42
2 - 30% - 30% - 16:55
3 - 21% - 20% - 11:44
4 - 8% - 10% - 4:39
PP Forward
1 - 50% - 60% - 2:17
2 - 50% - 40% - 2:18
PP Defense
1 - 57% - 60% - 2:37
2 - 43% - 40% - 1:58
PK Forward
1 - 86% - 60% - 1:59
2 - 14% - 40% - 0:19
PK Defense
1 - 73% - 60% - 1:41
2 - 27% - 40% - 0:37
PK3 Forward
1 - 0% - 60%
2 - 0% - 40%
PK3 Defense
1 - 0% - 60%
2 - 0% - 40%
44 Forward
1 - 0% - 60%
2 - 0% - 40%
44 Defense
1 - 0% - 60%
2 - 0% - 40%
Last Minute Offensive  - 0:00
Last Minute Defensive  - 0:00
Total
Forward - 62:53
Defense - 62:53

Play-by-Play

1st period


0:01 of 1st period - Trevor Smith wins face-off versus Chandler Stephenson in neutral zone.
0:26 of 1st period - Chandler Stephenson is hit by Kevin Connauton and loses puck.
0:51 of 1st period - Andy Welinski is hit by Roland McKeown and loses puck.
4:05 of 1st period - Snap shot by Daniel O'Regan.
4:05 of 1st period - Shot Misses the Net.
4:07 of 1st period - Wrist shot by Daniel O'Regan.
4:07 of 1st period - Deflect By Tyler Gaudet.
4:07 of 1st period - Shot Misses the Net.
4:07 of 1st period - Puck is out of play.
4:08 of 1st period - Chandler Stephenson wins face-off versus Sam Anas in Binghampton Senators zone.
4:41 of 1st period - Snap shot by Trevor Smith.
4:41 of 1st period - Deflect By Mason Appleton.
4:41 of 1st period - Deflect By Sergey Tolchinsky.
4:41 of 1st period - Shot Blocked by Lane Pederson.
4:41 of 1st period - Puck is out of play.
4:42 of 1st period - Trevor Smith wins face-off versus Chandler Stephenson in Binghampton Senators zone.
5:25 of 1st period - Backhand shot by Jordan Szwarz.
5:25 of 1st period - Deflect By Mason Appleton.
5:25 of 1st period - Shot Blocked by Lucas Wallmark.
5:25 of 1st period - Puck is out of play.
5:26 of 1st period - Sam Anas wins face-off versus Lucas Wallmark in Binghampton Senators zone.
5:27 of 1st period - Slapshot by Adam Gaudette.
5:27 of 1st period - Stopped by Jon Gillies without a rebound.
5:28 of 1st period - Lucas Wallmark wins face-off versus Sam Anas in Binghampton Senators zone.
5:39 of 1st period - Wrist shot by Lucas Wallmark.
5:39 of 1st period - Stopped by Cal Petersen with a rebound.
5:41 of 1st period - Slapshot by Mark Friedman.
5:41 of 1st period - Stopped by Cal Petersen with a rebound.
5:43 of 1st period - Slapshot by Lucas Wallmark.
5:43 of 1st period - Deflect By Justin Kirkland.
5:43 of 1st period - Stopped by Cal Petersen with a rebound.
6:13 of 1st period - Icing by Kevin Connauton.
6:14 of 1st period - Trevor Smith wins face-off versus Jake Virtanen in Lowell Devils zone.
6:14 of 1st period - Trevor Smith is hit by Trevor Carrick.
6:25 of 1st period - Wrist shot by Mason Appleton.
6:25 of 1st period - Shot Blocked by Trevor Carrick.
7:01 of 1st period - Snap shot by Andrew Mangiapane.
7:01 of 1st period - Stopped by Jon Gillies without a rebound.
7:02 of 1st period - Lane Pederson wins face-off versus Andrew Mangiapane in Binghampton Senators zone.
7:41 of 1st period - Wrist shot by Sergey Tolchinsky.
7:41 of 1st period - Stopped by Cal Petersen with a rebound.
7:43 of 1st period - Backhand shot by Jake Bischoff.
7:43 of 1st period - Shot Misses the Net.
7:45 of 1st period - Slapshot by Sergey Tolchinsky.
7:45 of 1st period - Stopped by Cal Petersen with a rebound.
8:12 of 1st period - Icing by Trevor Murphy.
8:13 of 1st period - Chandler Stephenson wins face-off versus Andrew Mangiapane in Lowell Devils zone.
8:16 of 1st period - Slapshot by Chandler Stephenson.
8:16 of 1st period - Stopped by Cal Petersen without a rebound.
8:17 of 1st period - Sam Anas wins face-off versus Chandler Stephenson in Lowell Devils zone.
9:06 of 1st period - Snap shot by Daniel O'Regan.
9:06 of 1st period - Shot Blocked by Jordan Schmaltz.
9:08 of 1st period - Slapshot by Kevin Connauton.
9:08 of 1st period - Shot Misses the Net.
9:10 of 1st period - Snap shot by Tyler Gaudet.
9:10 of 1st period - Shot Misses the Net.
9:12 of 1st period - Slapshot by Andreas Borgman.
9:12 of 1st period - Shot Misses the Net.
9:49 of 1st period - Slapshot by Daniel O'Regan.
9:49 of 1st period - Stopped by Jon Gillies with a rebound.
10:11 of 1st period - Snap shot by Jack Roslovic.
10:11 of 1st period - Stopped by Cal Petersen with a rebound.
11:29 of 1st period - Anthony Greco is hit by Gavin Bayreuther and loses puck.
11:56 of 1st period - Snap shot by Jordan Szwarz.
11:56 of 1st period - Shot Blocked by Justin Kirkland.
11:58 of 1st period - Wrist shot by Gavin Bayreuther.
11:58 of 1st period - Deflect By Jordan Szwarz.
11:58 of 1st period - Stopped by Jon Gillies without a rebound.
11:59 of 1st period - Sam Anas wins face-off versus Jack Roslovic in Binghampton Senators zone.
12:10 of 1st period - Snap shot by Adam Gaudette.
12:10 of 1st period - Shot Misses the Net.
12:12 of 1st period - Wrist shot by Sam Anas.
12:12 of 1st period - Goal by Sam Anas - Lowell Devils : 1 - Binghampton Senators : 0.
12:13 of 1st period - Trevor Smith wins face-off versus Chandler Stephenson in neutral zone.
12:15 of 1st period - Off-side.
12:16 of 1st period - Trevor Smith wins face-off versus Jack Roslovic in neutral zone.
13:08 of 1st period - Snap shot by Chris Terry.
13:08 of 1st period - Shot Misses the Net.
13:10 of 1st period - Slapshot by Tyler Gaudet.
13:10 of 1st period - Stopped by Jon Gillies with a rebound.
13:22 of 1st period - Dan Renouf is hit by Lucas Wallmark and loses puck.
13:29 of 1st period - Snap shot by Lucas Wallmark.
13:29 of 1st period - Shot Blocked by Gavin Bayreuther.
13:31 of 1st period - Slapshot by Justin Kirkland.
13:31 of 1st period - Shot Misses the Net.
13:33 of 1st period - Slapshot by Lucas Wallmark.
13:33 of 1st period - Shot Misses the Net.
13:39 of 1st period - Minor Penalty to Dan Renouf for Cross-checking.
13:40 of 1st period - Trevor Smith wins face-off versus Chandler Stephenson in Lowell Devils zone.
13:40 of 1st period - Trevor Smith is hit by Jake Virtanen.
13:52 of 1st period - Snap shot by Jack Roslovic.
13:52 of 1st period - Shot Misses the Net.
13:54 of 1st period - Snap shot by Jake Virtanen.
13:54 of 1st period - Shot Misses the Net.
13:56 of 1st period - Slapshot by Chandler Stephenson.
13:56 of 1st period - Shot Hit the Post.
14:14 of 1st period - Wrist shot by Anthony Greco.
14:14 of 1st period - Shot Misses the Net.
14:16 of 1st period - Wrist shot by Anthony Greco.
14:16 of 1st period - Goal by Anthony Greco - Lowell Devils : 1 - Binghampton Senators : 1.
14:17 of 1st period - Chandler Stephenson wins face-off versus Trevor Smith in neutral zone.
14:42 of 1st period - Sam Anas is hit by Sam Carrick and loses puck.
14:47 of 1st period - Snap shot by Vinni Lettieri.
14:47 of 1st period - Shot Blocked by Kevin Connauton.
15:05 of 1st period - Slapshot by Anthony Greco.
15:05 of 1st period - Shot Misses the Net.
15:13 of 1st period - Lucas Wallmark is hit by Tyler Gaudet and loses puck.
15:49 of 1st period - Snap shot by Mason Appleton.
15:49 of 1st period - Shot Hit the Post.
15:51 of 1st period - Slapshot by Jordan Szwarz.
15:51 of 1st period - Stopped by Jon Gillies without a rebound.
15:52 of 1st period - Trevor Smith wins face-off versus Chandler Stephenson in Binghampton Senators zone.
15:57 of 1st period - Snap shot by Trevor Smith.
15:57 of 1st period - Shot Blocked by Jake Virtanen.
16:03 of 1st period - Slapshot by Mason Appleton.
16:03 of 1st period - Deflect By Trevor Smith.
16:03 of 1st period - Stopped by Jon Gillies without a rebound.
16:04 of 1st period - Chandler Stephenson wins face-off versus Sam Anas in Binghampton Senators zone.
16:11 of 1st period - Slapshot by Chandler Stephenson.
16:11 of 1st period - Shot Blocked by C.J. Smith.
16:13 of 1st period - Slapshot by Trevor Carrick.
16:13 of 1st period - Stopped by Cal Petersen without a rebound.
16:14 of 1st period - Sam Anas wins face-off versus Chandler Stephenson in Lowell Devils zone.
16:19 of 1st period - Snap shot by Jack Roslovic.
16:19 of 1st period - Deflect By Jake Virtanen.
16:19 of 1st period - Shot Blocked by Andreas Borgman.
16:19 of 1st period - Puck is out of play.
16:20 of 1st period - Trevor Smith wins face-off versus Jake Virtanen in Lowell Devils zone.
16:31 of 1st period - Icing by Ryan Graves.
16:32 of 1st period - Sam Anas wins face-off versus Chandler Stephenson in Binghampton Senators zone.
16:45 of 1st period - Snap shot by Adam Gaudette.
16:45 of 1st period - Shot Hit the Post.
16:47 of 1st period - Snap shot by C.J. Smith.
16:47 of 1st period - Shot Misses the Net.
17:49 of 1st period - Snap shot by C.J. Smith.
17:49 of 1st period - Shot Misses the Net.
17:51 of 1st period - Slapshot by Andreas Borgman.
17:51 of 1st period - Shot Misses the Net.
18:05 of 1st period - Snap shot by Jack Roslovic.
18:05 of 1st period - Shot Blocked by Trevor Murphy.
18:25 of 1st period - Slapshot by Vinni Lettieri.
18:25 of 1st period - Shot Blocked by Mason Appleton.
18:27 of 1st period - Snap shot by Jake Bischoff.
18:27 of 1st period - Shot Misses the Net.
18:29 of 1st period - Snap shot by Josh Leivo.
18:29 of 1st period - Stopped by Cal Petersen with a rebound.
18:31 of 1st period - Slapshot by Mark Friedman.
18:31 of 1st period - Shot Blocked by Andy Welinski.
18:43 of 1st period - Trevor Smith is hit by Sergey Tolchinsky and loses puck.
18:54 of 1st period - Sergey Tolchinsky is hit by Gavin Bayreuther and loses puck.
19:41 of 1st period - Icing by Ryan Graves.
19:42 of 1st period - Lucas Wallmark wins face-off versus Tyler Gaudet in Binghampton Senators zone.
19:51 of 1st period - Snap shot by Lucas Wallmark.
19:51 of 1st period - Shot Blocked by Chris Terry.
Goals for this period are 1 for Lowell Devils vs 1 for Binghampton Senators.
Shots for this period are 8 for Lowell Devils vs 10 for Binghampton Senators.

2nd period


0:01 of 2nd period - Sam Anas wins face-off versus Jack Roslovic in neutral zone.
0:14 of 2nd period - Snap shot by Jake Virtanen.
0:14 of 2nd period - Shot Misses the Net.
0:28 of 2nd period - Wrist shot by Jake Virtanen.
0:28 of 2nd period - Stopped by Cal Petersen with a rebound.
0:30 of 2nd period - Slapshot by Vinni Lettieri.
0:30 of 2nd period - Shot Blocked by Kevin Connauton.
0:32 of 2nd period - Snap shot by Josh Leivo.
0:32 of 2nd period - Stopped by Cal Petersen with a rebound.
0:34 of 2nd period - Slapshot by Trevor Carrick.
0:34 of 2nd period - Shot Blocked by Andreas Borgman.
0:40 of 2nd period - Wrist shot by Josh Leivo.
0:40 of 2nd period - Stopped by Cal Petersen without a rebound.
0:41 of 2nd period - Lane Pederson wins face-off versus Sam Anas in Lowell Devils zone.
0:42 of 2nd period - Snap shot by Anthony Greco.
0:42 of 2nd period - Shot Misses the Net.
0:54 of 2nd period - Snap shot by Adam Gaudette.
0:54 of 2nd period - Stopped by Jon Gillies with a rebound.
0:56 of 2nd period - Slapshot by Trevor Murphy.
0:56 of 2nd period - Shot Blocked by Jordan Schmaltz.
1:06 of 2nd period - Lane Pederson is hit by Chris Terry and loses puck.
1:11 of 2nd period - Wrist shot by Chris Terry.
1:11 of 2nd period - Shot Misses the Net.
1:13 of 2nd period - Backhand shot by Tyler Gaudet.
1:13 of 2nd period - Deflect By Chris Terry.
1:13 of 2nd period - Shot Blocked by Sergey Tolchinsky.
1:13 of 2nd period - Puck is out of play.
1:14 of 2nd period - Trevor Smith wins face-off versus Jack Roslovic in Binghampton Senators zone.
1:25 of 2nd period - Icing by Mason Appleton.
1:26 of 2nd period - Sam Carrick wins face-off versus Trevor Smith in Lowell Devils zone.
1:28 of 2nd period - Minor Penalty to Ryan Graves for Hooking.
1:29 of 2nd period - Mason Appleton wins face-off versus Chandler Stephenson in Binghampton Senators zone.
1:29 of 2nd period - Wrist shot by Jordan Szwarz.
1:29 of 2nd period - Stopped by Jon Gillies with a rebound.
1:31 of 2nd period - Slapshot by Jordan Szwarz.
1:31 of 2nd period - Shot Misses the Net.
1:33 of 2nd period - Slapshot by Andreas Borgman.
1:33 of 2nd period - Shot Misses the Net.
3:02 of 2nd period - Andreas Borgman is hit by Lane Pederson and loses puck.
3:28 of 2nd period - Penalty to Ryan Graves is over, Ryan Graves is back on ice.
3:37 of 2nd period - Wrist shot by Josh Leivo.
3:37 of 2nd period - Stopped by Cal Petersen with a rebound.
4:00 of 2nd period - Jake Bischoff is hit by Conor Garland and loses puck.
6:33 of 2nd period - Mark Friedman is hit by Andy Welinski and loses puck.
7:04 of 2nd period - Adam Gaudette is hit by Lane Pederson and loses puck.
7:21 of 2nd period - Lane Pederson is hit by Gerald Mayhew and loses puck.
7:46 of 2nd period - Chris Terry is hit by Ryan Graves and loses puck.
8:22 of 2nd period - Chandler Stephenson is hit by Gerald Mayhew and loses puck.
8:37 of 2nd period - Snap shot by Adam Gaudette.
8:37 of 2nd period - Stopped by Jon Gillies without a rebound.
8:38 of 2nd period - C.J. Smith wins face-off versus Sam Carrick in Binghampton Senators zone.
8:39 of 2nd period - Wrist shot by Adam Gaudette.
8:39 of 2nd period - Stopped by Jon Gillies with a rebound.
8:51 of 2nd period - Snap shot by Adam Gaudette.
8:51 of 2nd period - Stopped by Jon Gillies with a rebound.
9:11 of 2nd period - Snap shot by C.J. Smith.
9:11 of 2nd period - Stopped by Jon Gillies without a rebound.
9:12 of 2nd period - Sam Carrick wins face-off versus Trevor Smith in Binghampton Senators zone.
9:18 of 2nd period - Sam Carrick is hit by Jordan Szwarz and loses puck.
9:37 of 2nd period - Chandler Stephenson is hit by Chris Terry and loses puck.
9:58 of 2nd period - Icing by Chandler Stephenson.
9:59 of 2nd period - Lane Pederson wins face-off versus Andrew Mangiapane in Binghampton Senators zone.
9:59 of 2nd period - Lane Pederson is hit by Conor Garland.
10:09 of 2nd period - Snap shot by Lane Pederson.
10:09 of 2nd period - Shot Misses the Net.
10:11 of 2nd period - Slapshot by Jake Bischoff.
10:11 of 2nd period - Deflect By Kevin Connauton.
10:11 of 2nd period - Stopped by Cal Petersen with a rebound.
10:13 of 2nd period - Slapshot by Jake Bischoff.
10:13 of 2nd period - Stopped by Cal Petersen with a rebound.
10:15 of 2nd period - Slapshot by Mark Friedman.
10:15 of 2nd period - Stopped by Cal Petersen with a rebound.
11:13 of 2nd period - Jens Looke is hit by Trevor Smith and loses puck.
11:36 of 2nd period - Sam Anas is hit by Jake Virtanen and loses puck.
12:11 of 2nd period - Snap shot by Josh Leivo.
12:11 of 2nd period - Shot Misses the Net.
12:13 of 2nd period - Slapshot by Vinni Lettieri.
12:13 of 2nd period - Goal by Vinni Lettieri - Lowell Devils : 1 - Binghampton Senators : 2.
12:14 of 2nd period - Chandler Stephenson wins face-off versus Trevor Smith in neutral zone.
12:44 of 2nd period - Trevor Smith is hit by Anthony Greco and loses puck.
12:51 of 2nd period - Wrist shot by Mason Appleton.
12:51 of 2nd period - Stopped by Jon Gillies with a rebound.
12:53 of 2nd period - Snap shot by Dan Renouf.
12:53 of 2nd period - Deflect By Trevor Smith.
12:53 of 2nd period - Shot Blocked by Ryan Graves.
12:53 of 2nd period - Puck is out of play.
12:54 of 2nd period - Sam Carrick wins face-off versus Sam Anas in Binghampton Senators zone.
13:01 of 2nd period - Wrist shot by Vinni Lettieri.
13:01 of 2nd period - Stopped by Cal Petersen with a rebound.
13:26 of 2nd period - Snap shot by Jack Roslovic.
13:26 of 2nd period - Shot Blocked by Chris Terry.
13:51 of 2nd period - Icing by Andy Welinski.
13:52 of 2nd period - Sam Carrick wins face-off versus Andrew Mangiapane in Lowell Devils zone.
14:05 of 2nd period - Snap shot by Andrew Mangiapane.
14:05 of 2nd period - Shot Blocked by Roland McKeown.
14:13 of 2nd period - Snap shot by Andrew Mangiapane.
14:13 of 2nd period - Shot Misses the Net.
14:15 of 2nd period - Slapshot by Andrew Mangiapane.
14:15 of 2nd period - Deflect By Conor Garland.
14:15 of 2nd period - Stopped by Jon Gillies with a rebound.
14:17 of 2nd period - Wrist shot by Gerald Mayhew.
14:17 of 2nd period - Shot Blocked by Jordan Schmaltz.
14:19 of 2nd period - Wrist shot by Andy Welinski.
14:19 of 2nd period - Stopped by Jon Gillies without a rebound.
14:20 of 2nd period - Sam Anas wins face-off versus Chandler Stephenson in Binghampton Senators zone.
14:25 of 2nd period - Wrist shot by Adam Gaudette.
14:25 of 2nd period - Shot Misses the Net.
14:51 of 2nd period - Wrist shot by Jordan Szwarz.
14:51 of 2nd period - Shot Misses the Net.
15:11 of 2nd period - Justin Kirkland is hit by Mason Appleton and loses puck.
15:16 of 2nd period - Snap shot by Trevor Smith.
15:16 of 2nd period - Goal by Trevor Smith - Lowell Devils : 2 - Binghampton Senators : 2.
15:17 of 2nd period - Sam Anas wins face-off versus Chandler Stephenson in neutral zone.
15:44 of 2nd period - Wrist shot by Trevor Smith.
15:44 of 2nd period - Stopped by Jon Gillies with a rebound.
15:46 of 2nd period - Snap shot by Mason Appleton.
15:46 of 2nd period - Goal by Mason Appleton - Lowell Devils : 3 - Binghampton Senators : 2.
15:47 of 2nd period - Sam Anas wins face-off versus Chandler Stephenson in neutral zone.
15:58 of 2nd period - Snap shot by C.J. Smith.
15:58 of 2nd period - Shot Blocked by Jake Virtanen.
16:00 of 2nd period - Snap shot by Sam Anas.
16:00 of 2nd period - Stopped by Jon Gillies with a rebound.
16:12 of 2nd period - Jack Roslovic is hit by Chris Terry and loses puck.
16:21 of 2nd period - Snap shot by Chris Terry.
16:21 of 2nd period - Deflect By Daniel O'Regan.
16:21 of 2nd period - Shot Blocked by Jack Roslovic.
16:21 of 2nd period - Puck is out of play.
16:22 of 2nd period - Sam Carrick wins face-off versus Trevor Smith in Binghampton Senators zone.
16:31 of 2nd period - Wrist shot by Vinni Lettieri.
16:31 of 2nd period - Deflect By Sam Carrick.
16:31 of 2nd period - Shot Blocked by Jordan Szwarz.
16:31 of 2nd period - Puck is out of play.
16:32 of 2nd period - Sam Carrick wins face-off versus Trevor Smith in Lowell Devils zone.
16:37 of 2nd period - Wrist shot by Josh Leivo.
16:37 of 2nd period - Stopped by Cal Petersen without a rebound.
16:38 of 2nd period - Chandler Stephenson wins face-off versus Sam Anas in Lowell Devils zone.
16:39 of 2nd period - Snap shot by Jack Roslovic.
16:39 of 2nd period - Shot Misses the Net.
16:52 of 2nd period - Off-side.
16:53 of 2nd period - Sam Carrick wins face-off versus Trevor Smith in neutral zone.
16:56 of 2nd period - Slapshot by Vinni Lettieri.
16:56 of 2nd period - Stopped by Cal Petersen with a rebound.
16:58 of 2nd period - Snap shot by Trevor Carrick.
16:58 of 2nd period - Stopped by Cal Petersen without a rebound.
16:59 of 2nd period - Sam Carrick wins face-off versus Trevor Smith in Lowell Devils zone.
17:02 of 2nd period - Snap shot by Josh Leivo.
17:02 of 2nd period - Stopped by Cal Petersen without a rebound.
17:03 of 2nd period - Trevor Smith wins face-off versus Sam Carrick in Lowell Devils zone.
17:18 of 2nd period - Mason Appleton is hit by Trevor Carrick.
17:51 of 2nd period - Wrist shot by Josh Leivo.
17:51 of 2nd period - Goal by Josh Leivo - Lowell Devils : 3 - Binghampton Senators : 3.
17:52 of 2nd period - Sam Anas wins face-off versus Chandler Stephenson in neutral zone.
17:54 of 2nd period - Minor Penalty to Sam Anas for Interference.
17:55 of 2nd period - Trevor Smith wins face-off versus Chandler Stephenson in Lowell Devils zone.
18:21 of 2nd period - Jordan Szwarz is hit by Anthony Greco and loses puck.
18:57 of 2nd period - Andy Welinski is hit by Roland McKeown and loses puck.
19:40 of 2nd period - Ryan Graves is hit by Trevor Murphy and loses puck.
19:54 of 2nd period - Penalty to Sam Anas is over, Sam Anas is back on ice.
Goals for this period are 2 for Lowell Devils vs 2 for Binghampton Senators.
Shots for this period are 13 for Lowell Devils vs 14 for Binghampton Senators.

3rd period


0:01 of 3rd period - Chandler Stephenson wins face-off versus Sam Anas in neutral zone.
0:19 of 3rd period - Minor Penalty to Ryan Graves for Hooking.
0:20 of 3rd period - Chandler Stephenson wins face-off versus Mason Appleton in Binghampton Senators zone.
0:34 of 3rd period - Wrist shot by Mason Appleton.
0:34 of 3rd period - Goal by Mason Appleton - Lowell Devils : 4 - Binghampton Senators : 3.
0:35 of 3rd period - Sam Anas wins face-off versus Chandler Stephenson in neutral zone.
1:00 of 3rd period - Andreas Borgman is hit by Sergey Tolchinsky and loses puck.
1:07 of 3rd period - Slapshot by Anthony Greco.
1:07 of 3rd period - Shot Misses the Net.
1:09 of 3rd period - Snap shot by Sergey Tolchinsky.
1:09 of 3rd period - Goal by Sergey Tolchinsky - Lowell Devils : 4 - Binghampton Senators : 4.
1:10 of 3rd period - Trevor Smith wins face-off versus Chandler Stephenson in neutral zone.
1:19 of 3rd period - Wrist shot by Jordan Szwarz.
1:19 of 3rd period - Stopped by Jon Gillies with a rebound.
2:09 of 3rd period - Slapshot by Andy Welinski.
2:09 of 3rd period - Shot Blocked by Mark Friedman.
2:11 of 3rd period - Snap shot by Chris Terry.
2:11 of 3rd period - Deflect By Daniel O'Regan.
2:11 of 3rd period - Stopped by Jon Gillies without a rebound.
2:12 of 3rd period - Chandler Stephenson wins face-off versus Trevor Smith in Binghampton Senators zone.
2:50 of 3rd period - Snap shot by Sam Anas.
2:50 of 3rd period - Stopped by Jon Gillies with a rebound.
2:56 of 3rd period - Minor Penalty to Sergey Tolchinsky for Holding.
2:57 of 3rd period - Trevor Smith wins face-off versus Chandler Stephenson in Binghampton Senators zone.
2:58 of 3rd period - Snap shot by Mason Appleton.
2:58 of 3rd period - Stopped by Jon Gillies with a rebound.
3:00 of 3rd period - Slapshot by Kevin Connauton.
3:00 of 3rd period - Deflect By Chandler Stephenson.
3:00 of 3rd period - Goal by Kevin Connauton - Lowell Devils : 5 - Binghampton Senators : 4.
3:01 of 3rd period - Mason Appleton wins face-off versus Chandler Stephenson in neutral zone.
3:06 of 3rd period - Wrist shot by Jordan Szwarz.
3:06 of 3rd period - Shot Misses the Net.
3:15 of 3rd period - Snap shot by Chandler Stephenson.
3:15 of 3rd period - Stopped by Cal Petersen with a rebound.
3:27 of 3rd period - Ryan Graves is hit by Sam Anas and loses puck.
3:56 of 3rd period - Snap shot by Lucas Wallmark.
3:56 of 3rd period - Shot Misses the Net.
4:14 of 3rd period - Sam Anas is hit by Roland McKeown and loses puck.
4:41 of 3rd period - Slapshot by C.J. Smith.
4:41 of 3rd period - Shot Misses the Net.
4:47 of 3rd period - Backhand shot by Adam Gaudette.
4:47 of 3rd period - Deflect By Anthony Greco.
4:47 of 3rd period - Shot Misses the Net.
4:47 of 3rd period - Puck is out of play.
4:48 of 3rd period - Chandler Stephenson wins face-off versus Trevor Smith in Binghampton Senators zone.
5:45 of 3rd period - Snap shot by Conor Garland.
5:45 of 3rd period - Stopped by Jon Gillies with a rebound.
6:07 of 3rd period - Wrist shot by Anthony Greco.
6:07 of 3rd period - Stopped by Cal Petersen with a rebound.
6:23 of 3rd period - Wrist shot by Josh Leivo.
6:23 of 3rd period - Shot Misses the Net.
6:25 of 3rd period - Snap shot by Sam Carrick.
6:25 of 3rd period - Shot Blocked by Daniel O'Regan.
6:27 of 3rd period - Slapshot by Ryan Graves.
6:27 of 3rd period - Stopped by Cal Petersen without a rebound.
6:28 of 3rd period - Chandler Stephenson wins face-off versus Andrew Mangiapane in Lowell Devils zone.
6:29 of 3rd period - Slapshot by Jake Virtanen.
6:29 of 3rd period - Goal by Jake Virtanen - Lowell Devils : 5 - Binghampton Senators : 5.
6:30 of 3rd period - Trevor Smith wins face-off versus Chandler Stephenson in neutral zone.
7:23 of 3rd period - Snap shot by Josh Leivo.
7:23 of 3rd period - Shot Blocked by Trevor Murphy.
7:39 of 3rd period - Snap shot by Adam Gaudette.
7:39 of 3rd period - Stopped by Jon Gillies with a rebound.
7:59 of 3rd period - Andrew Mangiapane is hit by Justin Kirkland and loses puck.
8:04 of 3rd period - Wrist shot by Lucas Wallmark.
8:04 of 3rd period - Stopped by Cal Petersen without a rebound.
8:05 of 3rd period - Trevor Smith wins face-off versus Sam Carrick in Lowell Devils zone.
8:20 of 3rd period - Snap shot by Mason Appleton.
8:20 of 3rd period - Goal by Mason Appleton - Lowell Devils : 6 - Binghampton Senators : 5.
8:21 of 3rd period - Trevor Smith wins face-off versus Chandler Stephenson in neutral zone.
8:37 of 3rd period - Wrist shot by Jake Virtanen.
8:37 of 3rd period - Goal by Jake Virtanen - Lowell Devils : 6 - Binghampton Senators : 6.
8:38 of 3rd period - Trevor Smith wins face-off versus Chandler Stephenson in neutral zone.
9:34 of 3rd period - Snap shot by Sergey Tolchinsky.
9:34 of 3rd period - Deflect By Lane Pederson.
9:34 of 3rd period - Goal by Lane Pederson - Lowell Devils : 6 - Binghampton Senators : 7.
9:35 of 3rd period - Chandler Stephenson wins face-off versus Trevor Smith in neutral zone.
9:41 of 3rd period - Penalty Shot by Mason Appleton for Lowell Devils.
9:41 of 3rd period - Wrist shot by Mason Appleton.
9:41 of 3rd period - Goal by Mason Appleton - Lowell Devils : 7 - Binghampton Senators : 7.
9:42 of 3rd period - Trevor Smith wins face-off versus Chandler Stephenson in neutral zone.
9:43 of 3rd period - Chandler Stephenson wins face-off versus Trevor Smith in Lowell Devils zone.
9:58 of 3rd period - Wrist shot by Jordan Szwarz.
9:58 of 3rd period - Stopped by Jon Gillies without a rebound.
9:59 of 3rd period - Sam Carrick wins face-off versus Sam Anas in Binghampton Senators zone.
10:11 of 3rd period - Off-side.
10:12 of 3rd period - Trevor Smith wins face-off versus Chandler Stephenson in neutral zone.
10:39 of 3rd period - Andreas Borgman is hit by Sam Carrick.
11:06 of 3rd period - Gavin Bayreuther is hit by Ryan Graves and loses puck.
11:27 of 3rd period - Slapshot by Jake Virtanen.
11:27 of 3rd period - Shot Misses the Net.
11:29 of 3rd period - Snap shot by Jack Roslovic.
11:29 of 3rd period - Shot Misses the Net.
11:31 of 3rd period - Snap shot by Chandler Stephenson.
11:31 of 3rd period - Deflect By Jake Virtanen.
11:31 of 3rd period - Stopped by Cal Petersen with a rebound.
11:48 of 3rd period - Snap shot by Lucas Wallmark.
11:48 of 3rd period - Stopped by Cal Petersen without a rebound.
11:49 of 3rd period - Sam Carrick wins face-off versus Sam Anas in Lowell Devils zone.
11:50 of 3rd period - Snap shot by Josh Leivo.
11:50 of 3rd period - Shot Blocked by Andreas Borgman.
12:26 of 3rd period - Slapshot by Andrew Mangiapane.
12:26 of 3rd period - Deflect By Vinni Lettieri.
12:26 of 3rd period - Stopped by Jon Gillies with a rebound.
12:48 of 3rd period - Slapshot by Sam Carrick.
12:48 of 3rd period - Stopped by Cal Petersen without a rebound.
12:49 of 3rd period - Trevor Smith wins face-off versus Chandler Stephenson in Lowell Devils zone.
12:56 of 3rd period - Snap shot by Mason Appleton.
12:56 of 3rd period - Shot Misses the Net.
12:58 of 3rd period - Slapshot by Dan Renouf.
12:58 of 3rd period - Shot Misses the Net.
13:00 of 3rd period - Slapshot by Dan Renouf.
13:00 of 3rd period - Shot Blocked by Jack Roslovic.
13:44 of 3rd period - Snap shot by Lucas Wallmark.
13:44 of 3rd period - Shot Blocked by Chris Terry.
13:50 of 3rd period - Minor Penalty to Chris Terry for Interference.
13:51 of 3rd period - Trevor Smith wins face-off versus Chandler Stephenson in Lowell Devils zone.
14:02 of 3rd period - Snap shot by Chandler Stephenson.
14:02 of 3rd period - Stopped by Cal Petersen with a rebound.
14:51 of 3rd period - Slapshot by Sam Anas.
14:51 of 3rd period - Shot Misses the Net.
14:53 of 3rd period - Slapshot by Andy Welinski.
14:53 of 3rd period - Stopped by Jon Gillies with a rebound.
14:55 of 3rd period - Slapshot by Trevor Murphy.
14:55 of 3rd period - Stopped by Jon Gillies with a rebound.
14:57 of 3rd period - Slapshot by Trevor Murphy.
14:57 of 3rd period - Shot Blocked by Anthony Greco.
14:59 of 3rd period - Snap shot by Sam Anas.
14:59 of 3rd period - Shot Misses the Net.
15:50 of 3rd period - Penalty to Chris Terry is over, Chris Terry is back on ice.
16:08 of 3rd period - Off-side.
16:09 of 3rd period - Sam Carrick wins face-off versus Sam Anas in neutral zone.
16:28 of 3rd period - Josh Leivo is hit by Chris Terry.
17:23 of 3rd period - Snap shot by Trevor Carrick.
17:23 of 3rd period - Stopped by Cal Petersen without a rebound.
17:24 of 3rd period - Sergey Tolchinsky wins face-off versus Andrew Mangiapane in Lowell Devils zone.
18:01 of 3rd period - Wrist shot by Jack Roslovic.
18:01 of 3rd period - Stopped by Cal Petersen with a rebound.
18:25 of 3rd period - Jordan Szwarz is hit by Mark Friedman and loses puck.
19:16 of 3rd period - Andreas Borgman is hit by Jack Roslovic and loses puck.
19:39 of 3rd period - Off-side.
19:40 of 3rd period - Lucas Wallmark wins face-off versus Daniel O'Regan in neutral zone.
19:49 of 3rd period - Gavin Bayreuther is hit by Lucas Wallmark and loses puck.
Goals for this period are 4 for Lowell Devils vs 4 for Binghampton Senators.
Shots for this period are 13 for Lowell Devils vs 14 for Binghampton Senators.

Overtime #1


0:01 of 1st overtime period - Jack Roslovic wins face-off versus Sam Anas in neutral zone.
0:40 of 1st overtime period - Josh Leivo is hit by Andreas Borgman and loses puck.
1:17 of 1st overtime period - Slapshot by Justin Kirkland.
1:17 of 1st overtime period - Shot Misses the Net.
1:19 of 1st overtime period - Wrist shot by Justin Kirkland.
1:19 of 1st overtime period - Shot Misses the Net.
1:33 of 1st overtime period - Wrist shot by Adam Gaudette.
1:33 of 1st overtime period - Shot Misses the Net.
1:35 of 1st overtime period - Slapshot by Andy Welinski.
1:35 of 1st overtime period - Shot Blocked by Roland McKeown.
2:23 of 1st overtime period - Wrist shot by Lane Pederson.
2:23 of 1st overtime period - Deflect By Sergey Tolchinsky.
2:23 of 1st overtime period - Stopped by Cal Petersen with a rebound.
2:42 of 1st overtime period - Off-side.
2:43 of 1st overtime period - Trevor Smith wins face-off versus Chandler Stephenson in neutral zone.
2:45 of 1st overtime period - Off-side.
2:46 of 1st overtime period - Chandler Stephenson wins face-off versus Trevor Smith in neutral zone.
2:51 of 1st overtime period - Icing by Andreas Borgman.
2:52 of 1st overtime period - Chandler Stephenson wins face-off versus Trevor Smith in Lowell Devils zone.
2:53 of 1st overtime period - Wrist shot by Jack Roslovic.
2:53 of 1st overtime period - Goal by Jack Roslovic - Lowell Devils : 7 - Binghampton Senators : 8.
Goals for this period are 0 for Lowell Devils vs 1 for Binghampton Senators.
Shots for this period are 0 for Lowell Devils vs 2 for Binghampton Senators.